[ AOE2 MATCH · #479128944 ]
UnrankedPortuguese vs Bohemians
[ REPLAY ANALYSIS · EXTRACTED FROM THE RECORDED GAME ]
Feudal
13:04
Castle
16:35
Imperial
22:10
| APM avg | 32.5 |
| APM peak | 113 |
| eAPM avg | 21.4 |
| Villagers / military | 95 / 58 |
Focus
⚔️ 30.7% · 🌾 69.3%
Bombard Cannon ×35 · Organ Gun ×19 · Fishing Ship ×7 · Monk ×2 · Trebuchet (Packed) ×2
Feudal
11:39
Castle
16:37
Imperial
31:23
| APM avg | 44.0 |
| APM peak | 89 |
| eAPM avg | 26.3 |
| Villagers / military | 176 / 106 |
Focus
⚔️ 19.4% · 🌾 80.6%
Spearman ×63 · Bombard Cannon ×25 · Fishing Ship ×20 · Hussite Wagon ×12 · Knight ×5 · Monk ×1
Feudal
11:17
Castle
25:03
Imperial
—
| APM avg | 18.3 |
| APM peak | 49 |
| eAPM avg | 11.2 |
| Villagers / military | 70 / 51 |
Focus
⚔️ 28.0% · 🌾 72.0%
Skirmisher ×34 · Spearman ×9 · Shrivamsha Rider ×5 · Camel Scout ×3
Feudal
10:07
Castle
19:32
Imperial
40:38
| APM avg | 39.0 |
| APM peak | 87 |
| eAPM avg | 17.9 |
| Villagers / military | 71 / 120 |
Focus
⚔️ 31.5% · 🌾 68.5%
Archer ×114 · Militia ×6 · Trade Cart ×1
Feudal
11:57
Castle
17:18
Imperial
—
| APM avg | 24.0 |
| APM peak | 60 |
| eAPM avg | 12.8 |
| Villagers / military | 79 / 15 |
Focus
⚔️ 12.5% · 🌾 87.5%
Archer ×15 · Fishing Ship ×7
Feudal
12:24
Castle
20:51
Imperial
—
| APM avg | 26.7 |
| APM peak | 64 |
| eAPM avg | 14.8 |
| Villagers / military | 96 / 63 |
Focus
⚔️ 16.7% · 🌾 83.3%
Militia ×63
Feudal
12:20
Castle
18:38
Imperial
31:20
| APM avg | 31.1 |
| APM peak | 65 |
| eAPM avg | 19.7 |
| Villagers / military | 125 / 153 |
Focus
⚔️ 38.4% · 🌾 61.6%
Scorpion ×77 · Battering Ram ×39 · Spearman ×30 · Fishing Ship ×18 · Trebuchet (Packed) ×4 · Mangonel ×2
Feudal
11:19
Castle
24:32
Imperial
28:36
| APM avg | 23.1 |
| APM peak | 58 |
| eAPM avg | 11.8 |
| Villagers / military | 75 / 148 |
Focus
⚔️ 28.1% · 🌾 71.9%
Spearman ×76 · Archer ×63 · Fishing Ship ×9 · Militia ×5 · Monk ×2 · Bombard Cannon ×2
Match map
Initial resources + every placement click. Lines = walls · curves = elevation contours. ◆ gold · ⬟ stone · ● berries · ✦ relic · ◌ wall gap
Your base· ✓ Closed at 16:35 · 0t walls · 2 gate(s) · fragile
mydogqmi's base· ✓ Closed at 16:37 · 7t walls · fragile
Yampi's base· ✓ Closed at 25:03 · 45t walls · 1 gate(s)
Maninthemiddle's base· Open — unwalled flank
Gostoso's base· ✓ Closed at 17:18 · 0t walls · fragile
Tantal's base· Open — unwalled flank
Hallow's base· ✓ Closed at 18:38 · 38t walls · fragile
Pedrogm91's base· ✓ Closed at 24:32 · 22t walls · no gate
Smoothed initial terrain · ◌ = detected wall gap · hover for details
Inputs per minute
— Signal&Command to me=mute&report - - mydogqmi
Build order — Signal&Command to me=mute&report
First 150 of 305 actions detected
| 0:02 | Create | Villager (Male) |
| 0:02 | Create | Villager (Male) |
| 0:03 | Build | House |
| 0:05 | Build | House |
| 0:18 | Create | Villager (Male) |
| 0:22 | Create | Villager (Male) |
| 0:23 | Create | Villager (Male) |
| 1:13 | Create | Villager (Male) |
| 1:13 | Create | Villager (Male) |
| 2:13 | Create | Villager (Male) |
| 2:13 | Create | Villager (Male) |
| 2:14 | Create | Villager (Male) |
| 2:16 | Build | Lumber Camp |
| 2:42 | Build | House |
| 2:59 | Create | Villager (Male) |
| 3:15 | Create | Villager (Male) |
| 3:15 | Create | Villager (Male) |
| 3:25 | Create | Villager (Male) |
| 3:26 | Create | Villager (Male) |
| 3:51 | Create | Villager (Male) |
| 3:51 | Create | Villager (Male) |
| 4:13 | Create | Villager (Male) |
| 4:59 | Build | House |
| 5:03 | Create | Villager (Male) |
| 5:05 | Create | Villager (Male) |
| 5:25 | Create | Villager (Male) |
| 5:26 | Create | Villager (Male) |
| 5:40 | Build | Dock |
| 5:58 | Create | Villager (Male) |
| 5:59 | Create | Villager (Male) |
| 6:16 | Create | Villager (Male) |
| 6:16 | Create | Villager (Male) |
| 6:16 | Create | Villager (Male) |
| 6:20 | Build | House |
| 6:23 | Create | Fishing Ship |
| 6:50 | Create | Villager (Male) |
| 6:50 | Create | Villager (Male) |
| 6:52 | Build | House |
| 7:16 | Create | Fishing Ship |
| 7:43 | Build | House |
| 7:43 | Create | Villager (Male) |
| 7:44 | Create | Villager (Male) |
| 7:44 | Create | Villager (Male) |
| 7:52 | Create | Villager (Male) |
| 7:52 | Create | Villager (Male) |
| 8:15 | Build | House |
| 8:44 | Build | Mill |
| 8:45 | Create | Villager (Male) |
| 8:48 | Build | House |
| 9:16 | Create | Fishing Ship |
| 9:18 | Create | Villager (Male) |
| 9:18 | Create | Villager (Male) |
| 9:18 | Create | Villager (Male) |
| 9:19 | Create | Villager (Male) |
| 9:19 | Create | Villager (Male) |
| 9:19 | Create | Villager (Male) |
| 9:19 | Create | Villager (Male) |
| 9:26 | Build | House |
| 10:11 | Create | Villager (Male) |
| 10:22 | Research | Loom |
| 10:22 | Research | Loom |
| 10:37 | Research | Feudal Age |
| 10:58 | Build | House |
| 11:11 | Create | Villager (Male) |
| 11:33 | Build | Mining Camp |
| 12:01 | Create | Fishing Ship |
| 12:01 | Create | Fishing Ship |
| 12:38 | Build | House |
| 12:41 | Build | House |
| 12:44 | Build | House |
| 12:45 | Build | House |
| 12:57 | Create | Villager (Male) |
| 13:04 | Age | Feudal Age |
| 13:08 | Build | Market |
| 13:10 | Build | Blacksmith |
| 13:31 | Research | Double-Bit Axe |
| 13:48 | Research | Tech 906 |
| 13:55 | Research | Castle Age |
| 13:55 | Research | Castle Age |
| 14:40 | Build | Mining Camp |
| 14:58 | Build | Fish Trap |
| 15:13 | Build | Fish Trap |
| 15:32 | Build | Fish Trap |
| 15:35 | Create | Fishing Ship |
| 15:43 | Create | Villager (Male) |
| 15:43 | Create | Villager (Male) |
| 16:23 | Build | Gate |
| 16:25 | Build | Gate |
| 16:35 | Age | Castle Age |
| 16:40 | Build | Monastery |
| 16:44 | Build | University |
| 17:25 | Create | Villager (Male) |
| 17:39 | Build | Fish Trap |
| 17:46 | Create | Villager (Male) |
| 17:54 | Create | Monk |
| 18:01 | Build | Fish Trap |
| 18:11 | Create | Villager (Male) |
| 18:15 | Build | Fish Trap |
| 19:00 | Research | Imperial Age |
| 19:03 | Create | Monk |
| 19:21 | Build | Mining Camp |
| 19:26 | Build | House |
| 19:44 | Build | House |
| 19:45 | Build | House |
| 20:00 | Build | House |
| 20:02 | Build | House |
| 20:08 | Research | Gold Mining |
| 20:08 | Research | Stone Mining |
| 20:35 | Research | Stone Mining |
| 20:39 | Create | Fishing Ship |
| 20:50 | Build | House |
| 21:20 | Build | House |
| 21:20 | Build | House |
| 21:22 | Build | House |
| 21:26 | Build | Fish Trap |
| 21:53 | Create | Villager (Male) |
| 21:53 | Create | Villager (Male) |
| 22:00 | Build | Lumber Camp |
| 22:06 | Build | House |
| 22:07 | Build | House |
| 22:10 | Age | Imperial Age |
| 22:15 | Build | Feitoria |
| 22:33 | Build | House |
| 22:35 | Build | Feitoria |
| 22:38 | Create | Villager (Male) |
| 22:44 | Build | House |
| 22:45 | Build | House |
| 23:05 | Create | Villager (Male) |
| 23:15 | Research | Treadmill Crane |
| 23:15 | Research | Treadmill Crane |
| 23:20 | Create | Villager (Male) |
| 23:30 | Build | House |
| 23:44 | Build | Feitoria |
| 23:51 | Create | Villager (Male) |
| 23:54 | Build | Mining Camp |
| 23:57 | Research | Bow Saw |
| 24:01 | Build | House |
| 24:06 | Build | House |
| 24:17 | Build | House |
| 24:32 | Create | Villager (Male) |
| 24:35 | Build | House |
| 24:36 | Build | House |
| 24:42 | Build | Feitoria |
| 24:51 | Create | Villager (Male) |
| 24:57 | Build | House |
| 25:35 | Research | Stone Shaft Mining |
| 25:38 | Build | Feitoria |
| 25:41 | Create | Villager (Male) |
| 25:57 | Create | Villager (Male) |
| 26:00 | Create | Villager (Male) |
Build order — mydogqmi
First 150 of 438 actions detected
| 0:09 | Create | Villager (Male) |
| 0:10 | Create | Villager (Male) |
| 0:10 | Create | Villager (Male) |
| 0:10 | Create | Villager (Male) |
| 0:10 | Create | Villager (Male) |
| 0:13 | Build | House |
| 0:15 | Build | House |
| 1:39 | Create | Villager (Male) |
| 2:20 | Create | Villager (Male) |
| 2:20 | Create | Villager (Male) |
| 2:26 | Build | Lumber Camp |
| 2:28 | Create | Villager (Male) |
| 2:28 | Create | Villager (Male) |
| 3:08 | Create | Villager (Male) |
| 3:08 | Create | Villager (Male) |
| 3:18 | Create | Villager (Male) |
| 3:18 | Create | Villager (Male) |
| 3:53 | Create | Villager (Male) |
| 3:53 | Create | Villager (Male) |
| 4:12 | Create | Villager (Male) |
| 4:12 | Create | Villager (Male) |
| 4:19 | Build | House |
| 4:20 | Build | House |
| 4:54 | Create | Villager (Male) |
| 4:54 | Create | Villager (Male) |
| 4:55 | Create | Villager (Male) |
| 4:55 | Create | Villager (Male) |
| 5:48 | Create | Villager (Male) |
| 5:49 | Create | Villager (Male) |
| 5:49 | Create | Villager (Male) |
| 6:03 | Research | Loom |
| 6:09 | Create | Villager (Male) |
| 6:10 | Create | Villager (Male) |
| 6:10 | Create | Villager (Male) |
| 6:34 | Create | Villager (Male) |
| 6:54 | Create | Villager (Male) |
| 6:55 | Create | Villager (Male) |
| 8:30 | Build | Dock |
| 8:33 | Create | Villager (Male) |
| 8:38 | Build | House |
| 8:39 | Build | House |
| 8:56 | Create | Villager (Male) |
| 9:19 | Research | Feudal Age |
| 9:25 | Create | Fishing Ship |
| 9:25 | Create | Fishing Ship |
| 10:03 | Create | Fishing Ship |
| 10:18 | Create | Villager (Male) |
| 10:18 | Create | Villager (Male) |
| 10:19 | Create | Villager (Male) |
| 10:19 | Create | Villager (Male) |
| 10:34 | Create | Fishing Ship |
| 10:34 | Create | Fishing Ship |
| 10:52 | Create | Fishing Ship |
| 11:06 | Build | Mill |
| 11:39 | Create | Villager (Male) |
| 11:39 | Age | Feudal Age |
| 11:39 | Create | Villager (Male) |
| 11:53 | Build | Blacksmith |
| 12:05 | Build | Mining Camp |
| 12:16 | Build | Market |
| 12:28 | Create | Villager (Male) |
| 12:41 | Create | Villager (Male) |
| 13:12 | Build | House |
| 13:19 | Create | Villager (Male) |
| 13:57 | Research | Castle Age |
| 13:57 | Research | Castle Age |
| 14:20 | Create | Fishing Ship |
| 14:42 | Research | Double-Bit Axe |
| 14:43 | Research | Double-Bit Axe |
| 14:49 | Create | Villager (Male) |
| 15:34 | Build | Stone Wall |
| 15:39 | Build | Fish Trap |
| 16:07 | Research | Horse Collar |
| 16:37 | Age | Castle Age |
| 16:44 | Build | Barracks |
| 16:46 | Create | Villager (Male) |
| 16:54 | Build | Town Center |
| 16:59 | Create | Villager (Male) |
| 17:33 | Build | Monastery |
| 17:38 | Build | House |
| 18:05 | Create | Villager (Male) |
| 18:05 | Create | Villager (Male) |
| 18:05 | Create | Villager (Male) |
| 18:13 | Build | House |
| 18:15 | Build | House |
| 18:16 | Create | Villager (Male) |
| 18:17 | Create | Villager (Male) |
| 18:17 | Create | Villager (Male) |
| 18:22 | Create | Monk |
| 18:36 | Build | Gate |
| 18:38 | Create | Spearman |
| 18:38 | Create | Spearman |
| 18:38 | Create | Spearman |
| 18:40 | Create | Villager (Male) |
| 18:44 | Build | Farm |
| 18:45 | Build | Farm |
| 18:45 | Build | Farm |
| 18:45 | Build | Farm |
| 18:46 | Build | Farm |
| 18:46 | Build | Farm |
| 19:01 | Build | Stone Wall |
| 19:16 | Create | Villager (Male) |
| 19:39 | Build | Mill |
| 19:54 | Build | Stable |
| 20:17 | Build | Stable |
| 20:18 | Create | Villager (Male) |
| 20:19 | Create | Villager (Male) |
| 20:19 | Create | Villager (Male) |
| 20:25 | Build | Fish Trap |
| 20:28 | Build | Fish Trap |
| 20:32 | Build | Fish Trap |
| 20:35 | Build | Fish Trap |
| 20:46 | Build | Farm |
| 20:46 | Build | Farm |
| 20:47 | Build | Farm |
| 20:47 | Build | Farm |
| 20:47 | Build | Farm |
| 20:47 | Build | Farm |
| 21:00 | Create | Villager (Male) |
| 21:00 | Create | Villager (Male) |
| 21:02 | Create | Villager (Male) |
| 21:10 | Create | Knight |
| 21:10 | Create | Knight |
| 21:21 | Build | House |
| 21:23 | Build | House |
| 21:27 | Create | Villager (Male) |
| 21:27 | Create | Villager (Male) |
| 21:37 | Build | Farm |
| 21:38 | Build | Farm |
| 21:38 | Build | Farm |
| 21:38 | Build | Farm |
| 21:42 | Create | Fishing Ship |
| 21:42 | Create | Fishing Ship |
| 21:55 | Create | Villager (Male) |
| 21:55 | Create | Villager (Male) |
| 22:16 | Create | Villager (Male) |
| 22:16 | Create | Villager (Male) |
| 22:16 | Create | Villager (Male) |
| 22:17 | Create | Villager (Male) |
| 22:19 | Build | Farm |
| 22:22 | Create | Villager (Male) |
| 22:22 | Create | Villager (Male) |
| 22:46 | Build | Fish Trap |
| 22:52 | Create | Villager (Male) |
| 22:52 | Create | Villager (Male) |
| 22:52 | Create | Villager (Male) |
| 22:57 | Research | Wheelbarrow |
| 23:01 | Build | Farm |
| 23:07 | Create | Villager (Male) |
| 23:26 | Build | Town Center |
Build order — Yampi
First 150 of 193 actions detected
| 0:02 | Create | Villager (Male) |
| 0:02 | Create | Villager (Male) |
| 0:02 | Create | Villager (Male) |
| 0:03 | Create | Villager (Male) |
| 0:03 | Create | Villager (Male) |
| 0:04 | Build | House |
| 0:06 | Build | House |
| 0:23 | Build | Mill |
| 1:41 | Create | Villager (Male) |
| 1:41 | Create | Villager (Male) |
| 1:43 | Research | Loom |
| 2:14 | Build | Palisade Wall |
| 2:21 | Create | Villager (Male) |
| 2:21 | Create | Villager (Male) |
| 2:47 | Create | Villager (Male) |
| 2:47 | Create | Villager (Male) |
| 3:14 | Create | Villager (Male) |
| 3:14 | Create | Villager (Male) |
| 3:20 | Build | Palisade Wall |
| 3:35 | Create | Villager (Male) |
| 3:35 | Create | Villager (Male) |
| 3:48 | Build | House |
| 4:36 | Create | Villager (Male) |
| 4:36 | Create | Villager (Male) |
| 4:36 | Create | Villager (Male) |
| 5:02 | Create | Villager (Male) |
| 5:02 | Create | Villager (Male) |
| 5:35 | Build | Mill |
| 5:46 | Create | Villager (Male) |
| 5:47 | Create | Villager (Male) |
| 5:47 | Create | Villager (Male) |
| 5:57 | Create | Villager (Male) |
| 5:57 | Create | Villager (Male) |
| 5:58 | Create | Villager (Male) |
| 6:12 | Build | House |
| 7:10 | Create | Villager (Male) |
| 8:15 | Build | Lumber Camp |
| 8:17 | Create | Villager (Male) |
| 8:19 | Create | Villager (Male) |
| 9:04 | Research | Feudal Age |
| 9:04 | Research | Feudal Age |
| 9:49 | Build | Mill |
| 10:42 | Create | Villager (Male) |
| 10:42 | Create | Villager (Male) |
| 10:51 | Build | House |
| 10:52 | Build | House |
| 11:17 | Age | Feudal Age |
| 11:18 | Build | Barracks |
| 11:21 | Create | Villager (Male) |
| 11:31 | Build | Stone Wall |
| 11:37 | Build | Stone Wall |
| 11:40 | Build | Stone Wall |
| 11:45 | Create | Villager (Male) |
| 11:47 | Research | Double-Bit Axe |
| 11:48 | Research | Double-Bit Axe |
| 12:19 | Create | Villager (Male) |
| 12:47 | Create | Villager (Male) |
| 12:55 | Build | Archery Range |
| 13:04 | Build | Stone Wall |
| 13:35 | Create | Villager (Male) |
| 13:36 | Create | Villager (Male) |
| 13:41 | Build | Mining Camp |
| 13:57 | Build | Lumber Camp |
| 13:58 | Create | Skirmisher |
| 13:58 | Create | Skirmisher |
| 14:01 | Build | House |
| 14:13 | Create | Villager (Male) |
| 14:13 | Create | Villager (Male) |
| 14:22 | Build | Watch Tower |
| 14:31 | Create | Villager (Male) |
| 14:35 | Create | Spearman |
| 14:35 | Create | Spearman |
| 14:43 | Build | Mill |
| 14:52 | Create | Skirmisher |
| 14:52 | Create | Skirmisher |
| 15:06 | Build | House |
| 15:07 | Build | House |
| 15:16 | Build | Palisade Wall |
| 15:16 | Build | Palisade Wall |
| 15:24 | Build | Palisade Wall |
| 15:32 | Build | House |
| 15:45 | Build | Archery Range |
| 15:51 | Create | Skirmisher |
| 15:52 | Create | Skirmisher |
| 16:17 | Create | Villager (Male) |
| 16:29 | Build | Stone Wall |
| 16:34 | Create | Skirmisher ×5 |
| 16:36 | Create | Villager (Male) |
| 17:02 | Build | House |
| 17:07 | Create | Villager (Male) |
| 17:07 | Create | Villager (Male) |
| 17:30 | Research | Horse Collar |
| 17:30 | Research | Horse Collar |
| 17:54 | Create | Villager (Male) |
| 18:17 | Build | Mining Camp |
| 18:24 | Build | Farm |
| 18:25 | Build | Farm |
| 18:25 | Build | Farm |
| 18:25 | Build | Farm |
| 18:26 | Build | Farm |
| 18:26 | Build | Farm |
| 18:26 | Build | Farm |
| 18:26 | Build | Farm |
| 18:27 | Build | Farm |
| 18:27 | Build | Farm |
| 18:27 | Build | Farm |
| 18:28 | Build | Farm |
| 19:13 | Build | Gate |
| 19:20 | Create | Villager (Male) |
| 19:21 | Create | Villager (Male) |
| 19:25 | Create | Villager (Male) |
| 19:36 | Build | Blacksmith |
| 20:11 | Create | Villager (Male) |
| 20:20 | Build | Farm |
| 20:21 | Build | Farm |
| 20:21 | Build | Farm |
| 20:51 | Create | Villager (Male) |
| 20:51 | Create | Villager (Male) |
| 21:14 | Create | Skirmisher |
| 21:14 | Create | Skirmisher |
| 21:15 | Create | Skirmisher |
| 21:15 | Create | Skirmisher |
| 21:30 | Create | Villager (Male) |
| 21:33 | Build | Market |
| 21:40 | Build | Farm |
| 22:23 | Research | Castle Age |
| 22:24 | Research | Castle Age |
| 22:42 | Build | Gate |
| 22:55 | Research | Padded Archer Armor |
| 23:08 | Build | Farm |
| 23:08 | Build | Farm |
| 23:08 | Build | Farm |
| 23:08 | Build | Farm |
| 23:09 | Build | Farm |
| 23:09 | Build | Farm |
| 23:10 | Build | Farm |
| 23:10 | Build | Farm |
| 23:24 | Build | Stone Wall |
| 23:50 | Research | Gold Mining |
| 24:10 | Create | Skirmisher ×5 |
| 25:03 | Age | Castle Age |
| 25:06 | Research | Elite Skirmisher (upgrade) |
| 25:18 | Create | Villager (Male) ×5 |
| 25:55 | Create | Spearman |
| 25:55 | Create | Spearman |
| 25:58 | Build | Stable |
| 26:27 | Create | Skirmisher |
| 26:28 | Create | Skirmisher |
| 26:29 | Research | Scale Mail Armor |
| 26:31 | Research | Fletching |
Build order — Maninthemiddle
First 150 of 288 actions detected
| 0:00 | Create | Villager (Male) |
| 0:00 | Create | Villager (Male) |
| 0:01 | Create | Villager (Male) |
| 0:01 | Create | Villager (Male) |
| 0:01 | Create | Villager (Male) |
| 0:03 | Build | House |
| 0:04 | Build | House |
| 0:52 | Research | Loom |
| 1:04 | Create | Villager (Male) |
| 1:04 | Create | Villager (Male) |
| 1:37 | Create | Villager (Male) |
| 1:37 | Create | Villager (Male) |
| 2:21 | Create | Villager (Male) |
| 2:21 | Create | Villager (Male) |
| 2:59 | Build | Lumber Camp |
| 3:17 | Build | House |
| 3:21 | Create | Villager (Male) |
| 3:21 | Create | Villager (Male) |
| 3:21 | Create | Villager (Male) |
| 4:37 | Create | Villager (Male) |
| 4:37 | Create | Villager (Male) |
| 4:38 | Create | Villager (Male) |
| 4:38 | Create | Villager (Male) |
| 5:55 | Create | Villager (Male) |
| 6:00 | Build | House |
| 6:19 | Create | Villager (Male) |
| 6:48 | Build | Mining Camp |
| 7:05 | Create | Villager (Male) |
| 7:06 | Create | Villager (Male) |
| 7:29 | Build | House |
| 7:56 | Research | Feudal Age |
| 8:24 | Build | Barracks |
| 8:56 | Create | Villager (Male) |
| 10:07 | Age | Feudal Age |
| 10:10 | Create | Villager (Male) |
| 10:11 | Create | Villager (Male) |
| 10:23 | Build | Archery Range |
| 10:28 | Research | Double-Bit Axe |
| 10:30 | Create | Villager (Male) |
| 10:52 | Build | Blacksmith |
| 11:01 | Create | Villager (Male) |
| 11:12 | Build | House |
| 11:17 | Create | Villager (Male) |
| 11:25 | Create | Archer |
| 11:26 | Create | Archer |
| 11:26 | Create | Archer |
| 11:32 | Build | Archery Range |
| 11:37 | Research | Fletching |
| 11:47 | Build | Mill |
| 12:02 | Build | House |
| 12:14 | Create | Archer |
| 12:28 | Create | Militia |
| 12:37 | Create | Archer |
| 12:37 | Create | Archer |
| 13:37 | Create | Archer |
| 13:37 | Create | Archer |
| 13:37 | Create | Archer |
| 13:55 | Build | Market |
| 13:59 | Create | Villager (Male) |
| 14:00 | Create | Villager (Male) |
| 14:16 | Create | Archer |
| 14:16 | Create | Archer |
| 14:48 | Build | House |
| 14:49 | Build | House |
| 16:36 | Build | House |
| 16:37 | Build | House |
| 16:47 | Create | Trade Cart |
| 16:52 | Research | Castle Age |
| 18:37 | Create | Villager (Male) |
| 18:37 | Create | Villager (Male) |
| 18:38 | Create | Villager (Male) |
| 18:42 | Build | Mining Camp |
| 18:48 | Research | Gold Mining |
| 19:00 | Create | Archer |
| 19:00 | Create | Archer |
| 19:00 | Create | Archer |
| 19:00 | Create | Archer |
| 19:01 | Create | Archer |
| 19:01 | Create | Archer |
| 19:01 | Create | Archer |
| 19:01 | Create | Archer |
| 19:02 | Create | Archer |
| 19:02 | Create | Archer |
| 19:32 | Age | Castle Age |
| 20:48 | Create | Villager (Male) |
| 20:48 | Create | Villager (Male) |
| 20:48 | Create | Villager (Male) |
| 21:50 | Research | Bodkin Arrow |
| 23:09 | Research | Horse Collar |
| 24:05 | Build | Farm |
| 24:06 | Build | Farm |
| 24:06 | Build | Farm |
| 24:06 | Build | Farm |
| 24:06 | Build | Farm |
| 24:07 | Build | Farm |
| 24:07 | Build | Farm |
| 24:07 | Build | Farm |
| 24:07 | Build | Farm |
| 24:08 | Build | Farm |
| 24:08 | Build | Farm |
| 24:08 | Build | Farm |
| 24:08 | Build | Farm |
| 24:09 | Build | Farm |
| 24:09 | Build | Farm |
| 24:09 | Build | Farm |
| 24:10 | Build | Farm |
| 24:10 | Build | Farm |
| 24:10 | Build | Farm |
| 24:10 | Build | Farm |
| 24:19 | Create | Villager (Male) |
| 24:19 | Create | Villager (Male) |
| 24:19 | Create | Villager (Male) |
| 24:31 | Create | Archer |
| 24:32 | Create | Archer |
| 24:32 | Create | Archer |
| 25:31 | Research | Wheelbarrow |
| 25:47 | Create | Archer |
| 25:47 | Create | Archer |
| 25:47 | Create | Archer |
| 25:47 | Create | Archer |
| 25:47 | Create | Archer |
| 25:48 | Create | Archer |
| 25:48 | Create | Archer |
| 25:48 | Create | Archer |
| 25:48 | Create | Archer |
| 25:49 | Create | Archer |
| 25:49 | Create | Archer |
| 25:49 | Create | Archer |
| 25:49 | Create | Archer |
| 25:50 | Create | Archer |
| 25:50 | Create | Archer |
| 25:50 | Create | Archer |
| 25:50 | Create | Archer |
| 26:27 | Research | Crossbowman (upgrade) |
| 26:39 | Build | Archery Range |
| 26:48 | Build | House |
| 26:49 | Build | House |
| 26:49 | Build | House |
| 26:50 | Build | House |
| 26:50 | Build | House |
| 26:50 | Build | House |
| 26:51 | Build | House |
| 26:51 | Build | House |
| 26:52 | Build | House |
| 27:40 | Create | Archer |
| 27:40 | Create | Archer |
| 27:40 | Create | Archer |
| 27:40 | Create | Archer |
| 27:40 | Create | Archer |
| 27:41 | Create | Archer |
Build order — Gostoso
145 actions detected in the replay
| 0:02 | Research | Loom |
| 0:02 | Create | Villager (Male) |
| 0:03 | Create | Villager (Male) |
| 0:03 | Create | Villager (Male) |
| 0:03 | Create | Villager (Male) |
| 0:03 | Create | Villager (Male) |
| 0:03 | Create | Villager (Male) |
| 0:05 | Build | House |
| 0:07 | Build | House |
| 1:49 | Create | Villager (Male) |
| 1:50 | Create | Villager (Male) |
| 1:50 | Create | Villager (Male) |
| 2:13 | Create | Villager (Male) |
| 2:13 | Create | Villager (Male) |
| 2:13 | Create | Villager (Male) |
| 2:23 | Create | Villager (Male) |
| 2:23 | Create | Villager (Male) |
| 2:24 | Create | Villager (Male) |
| 2:43 | Build | Lumber Camp |
| 3:01 | Create | Villager (Male) |
| 3:01 | Create | Villager (Male) |
| 3:01 | Create | Villager (Male) |
| 3:24 | Create | Villager (Male) |
| 3:24 | Create | Villager (Male) |
| 3:25 | Create | Villager (Male) |
| 3:29 | Build | House |
| 3:33 | Build | House |
| 3:49 | Create | Villager (Male) |
| 3:49 | Create | Villager (Male) ×2 |
| 3:50 | Create | Villager (Male) |
| 4:57 | Create | Villager (Male) |
| 4:57 | Create | Villager (Male) |
| 4:57 | Create | Villager (Male) |
| 5:26 | Create | Villager (Male) |
| 5:26 | Create | Villager (Male) |
| 5:26 | Create | Villager (Male) |
| 5:54 | Create | Villager (Male) |
| 5:56 | Build | Mill |
| 6:22 | Create | Villager (Male) |
| 6:48 | Create | Villager (Male) ×2 |
| 7:23 | Build | Farm |
| 7:41 | Create | Villager (Male) ×3 |
| 7:44 | Build | Farm |
| 7:50 | Build | Mining Camp |
| 9:08 | Build | Dock |
| 9:22 | Create | Villager (Male) |
| 9:22 | Create | Villager (Male) |
| 9:30 | Research | Feudal Age |
| 9:38 | Build | House |
| 9:39 | Build | House |
| 10:57 | Create | Fishing Ship |
| 10:57 | Create | Fishing Ship |
| 11:04 | Create | Villager (Male) |
| 11:05 | Create | Villager (Male) |
| 11:57 | Age | Feudal Age |
| 12:05 | Research | Double-Bit Axe |
| 12:11 | Build | Market |
| 12:18 | Build | Blacksmith |
| 12:22 | Create | Villager (Male) |
| 12:53 | Create | Fishing Ship |
| 13:19 | Create | Fishing Ship |
| 13:22 | Build | House |
| 13:44 | Create | Villager (Male) |
| 14:14 | Build | Barracks |
| 14:38 | Research | Castle Age |
| 15:20 | Build | Archery Range |
| 15:42 | Build | Archery Range |
| 16:04 | Research | Padded Archer Armor |
| 16:12 | Create | Villager (Male) |
| 16:12 | Create | Villager (Male) |
| 16:16 | Build | House |
| 16:18 | Build | House |
| 16:49 | Build | Mining Camp |
| 17:03 | Build | Fish Trap |
| 17:10 | Create | Archer |
| 17:10 | Create | Archer |
| 17:18 | Age | Castle Age |
| 17:25 | Research | Crossbowman (upgrade) |
| 17:26 | Create | Archer |
| 18:36 | Build | Farm |
| 18:40 | Build | Farm |
| 18:53 | Create | Villager (Male) |
| 18:54 | Create | Villager (Male) |
| 19:11 | Create | Archer |
| 19:11 | Create | Archer |
| 19:12 | Create | Archer |
| 19:12 | Create | Archer |
| 19:12 | Create | Archer |
| 20:12 | Build | Lumber Camp |
| 20:47 | Create | Villager (Male) |
| 20:47 | Create | Villager (Male) |
| 21:11 | Create | Villager (Male) |
| 23:22 | Create | Archer |
| 23:22 | Create | Archer |
| 23:59 | Build | Farm |
| 24:00 | Build | Farm |
| 24:03 | Build | Farm |
| 24:07 | Create | Villager (Male) |
| 24:07 | Create | Villager (Male) |
| 24:40 | Build | Farm |
| 24:42 | Build | Farm |
| 24:48 | Create | Villager (Male) |
| 24:49 | Create | Villager (Male) |
| 24:49 | Create | Villager (Male) |
| 24:56 | Create | Fishing Ship |
| 25:24 | Build | Farm |
| 25:37 | Create | Villager (Male) |
| 25:37 | Create | Villager (Male) |
| 25:38 | Create | Villager (Male) |
| 25:38 | Create | Villager (Male) |
| 26:22 | Create | Fishing Ship |
| 26:42 | Create | Villager (Male) |
| 27:19 | Create | Villager (Male) |
| 27:19 | Create | Villager (Male) |
| 27:26 | Create | Fishing Ship |
| 28:12 | Build | Town Center |
| 28:17 | Create | Villager (Male) |
| 28:17 | Create | Villager (Male) |
| 28:53 | Build | Palisade Wall |
| 28:57 | Build | Palisade Wall |
| 29:09 | Build | Palisade Wall |
| 29:14 | Build | Palisade Wall |
| 29:18 | Create | Villager (Male) |
| 29:26 | Create | Villager (Male) |
| 29:27 | Create | Villager (Male) |
| 29:40 | Create | Villager (Male) |
| 29:41 | Create | Villager (Male) |
| 29:41 | Create | Villager (Male) |
| 29:55 | Build | Town Center |
| 29:57 | Build | Farm |
| 30:02 | Build | Farm |
| 30:28 | Create | Archer |
| 30:29 | Create | Archer |
| 30:29 | Create | Archer |
| 30:48 | Create | Archer |
| 30:48 | Create | Archer |
| 30:49 | Create | Villager (Male) |
| 30:49 | Create | Villager (Male) |
| 30:50 | Create | Villager (Male) |
| 30:50 | Create | Villager (Male) |
| 30:50 | Create | Villager (Male) |
| 30:50 | Create | Villager (Male) |
| 30:51 | Create | Villager (Male) |
| 30:51 | Create | Villager (Male) |
| 31:00 | Build | Farm |
Build order — Tantal
First 150 of 252 actions detected
| 0:03 | Build | House |
| 0:05 | Build | House |
| 0:07 | Create | Villager (Male) |
| 0:07 | Create | Villager (Male) |
| 0:07 | Create | Villager (Male) |
| 0:07 | Create | Villager (Male) |
| 1:32 | Research | Loom |
| 2:40 | Build | Palisade Wall |
| 3:27 | Build | House |
| 4:02 | Create | Villager (Male) |
| 4:03 | Create | Villager (Male) |
| 4:03 | Create | Villager (Male) |
| 4:15 | Build | Mill |
| 5:34 | Create | Villager (Male) |
| 5:35 | Create | Villager (Male) |
| 5:35 | Create | Villager (Male) |
| 5:35 | Create | Villager (Male) |
| 5:49 | Build | Palisade Wall |
| 6:06 | Build | Palisade Wall |
| 6:14 | Create | Villager (Male) |
| 6:14 | Create | Villager (Male) |
| 6:57 | Create | Villager (Male) |
| 6:57 | Create | Villager (Male) |
| 6:58 | Create | Villager (Male) |
| 7:09 | Build | Palisade Wall |
| 7:45 | Build | Palisade Wall |
| 7:47 | Build | Palisade Wall |
| 8:25 | Build | Lumber Camp |
| 9:06 | Build | House |
| 9:35 | Build | House |
| 10:14 | Research | Feudal Age |
| 11:47 | Build | Palisade Wall |
| 12:04 | Create | Villager (Male) |
| 12:04 | Create | Villager (Male) |
| 12:05 | Create | Villager (Male) |
| 12:13 | Build | Mill |
| 12:24 | Age | Feudal Age |
| 12:55 | Build | Palisade Wall |
| 12:56 | Build | Palisade Wall |
| 13:26 | Create | Villager (Male) |
| 13:26 | Create | Villager (Male) |
| 14:09 | Build | Mining Camp |
| 14:21 | Build | Market |
| 15:15 | Research | Double-Bit Axe |
| 15:15 | Research | Double-Bit Axe |
| 15:45 | Create | Villager (Male) |
| 15:45 | Create | Villager (Male) |
| 16:27 | Build | Stone Wall |
| 17:39 | Build | Blacksmith |
| 18:00 | Build | House |
| 18:01 | Build | House |
| 18:11 | Research | Castle Age |
| 18:12 | Research | Castle Age |
| 19:14 | Build | Mill |
| 20:51 | Age | Castle Age |
| 20:56 | Build | Town Center |
| 21:12 | Build | Town Center |
| 21:17 | Create | Villager (Male) |
| 21:17 | Create | Villager (Male) |
| 21:17 | Create | Villager (Male) |
| 21:36 | Create | Villager (Male) |
| 21:36 | Create | Villager (Male) |
| 22:18 | Create | Villager (Male) ×5 |
| 22:18 | Create | Villager (Male) ×5 |
| 22:37 | Build | Mill |
| 22:51 | Create | Villager (Male) |
| 22:52 | Create | Villager (Male) |
| 23:27 | Research | Horse Collar |
| 23:28 | Create | Villager (Male) ×2 |
| 23:28 | Create | Villager (Male) ×2 |
| 23:59 | Research | Heavy Plow |
| 24:01 | Create | Villager (Male) ×2 |
| 24:02 | Create | Villager (Male) ×2 |
| 24:39 | Create | Villager (Male) ×3 |
| 24:39 | Create | Villager (Male) ×3 |
| 24:45 | Build | Farm |
| 24:45 | Build | Farm |
| 24:46 | Build | Farm |
| 24:46 | Build | Farm |
| 24:46 | Build | Farm |
| 24:46 | Build | Farm |
| 24:47 | Build | Farm |
| 25:02 | Build | Farm |
| 25:02 | Build | Farm |
| 25:02 | Build | Farm |
| 25:03 | Build | Farm |
| 25:04 | Build | Farm |
| 25:12 | Build | Farm |
| 25:13 | Build | Farm |
| 25:13 | Build | Farm |
| 25:13 | Build | Farm |
| 25:13 | Build | Farm |
| 25:14 | Build | Farm |
| 25:14 | Build | Farm |
| 25:15 | Build | Farm |
| 25:15 | Build | Farm |
| 25:16 | Build | Farm |
| 25:17 | Build | Farm |
| 25:20 | Create | Villager (Male) ×2 |
| 25:20 | Create | Villager (Male) ×2 |
| 25:29 | Create | Villager (Male) |
| 25:29 | Create | Villager (Male) |
| 25:29 | Create | Villager (Male) |
| 26:34 | Create | Villager (Male) ×5 |
| 26:34 | Create | Villager (Male) ×4 |
| 26:40 | Build | Lumber Camp |
| 26:45 | Build | Farm |
| 26:46 | Build | Farm |
| 26:46 | Build | Farm |
| 26:46 | Build | Farm |
| 26:57 | Build | House |
| 27:01 | Build | House |
| 27:31 | Build | Mining Camp |
| 28:04 | Research | Bow Saw |
| 28:04 | Research | Bow Saw |
| 28:16 | Build | House |
| 28:19 | Build | House |
| 28:23 | Build | House |
| 28:25 | Build | House |
| 28:27 | Build | House |
| 28:28 | Build | House |
| 28:30 | Build | House |
| 28:31 | Build | House |
| 28:33 | Build | House |
| 28:34 | Build | House |
| 28:54 | Create | Villager (Male) ×5 |
| 28:54 | Create | Villager (Male) ×5 |
| 28:54 | Create | Villager (Male) ×5 |
| 29:06 | Build | Farm |
| 29:06 | Build | Farm |
| 29:07 | Build | Farm |
| 29:08 | Build | Farm |
| 29:10 | Build | Farm |
| 29:31 | Research | Stone Mining |
| 29:31 | Research | Stone Mining |
| 29:33 | Create | Villager (Male) ×2 |
| 29:41 | Build | Barracks |
| 29:43 | Build | Barracks |
| 29:52 | Build | Barracks |
| 30:16 | Build | Stone Wall |
| 30:28 | Research | Forging |
| 30:41 | Create | Villager (Male) ×5 |
| 30:47 | Build | Farm |
| 30:47 | Build | Farm |
| 30:47 | Build | Farm |
| 30:48 | Build | Farm |
| 31:34 | Research | Man-at-Arms (upgrade) |
| 31:36 | Research | Gambesons |
| 31:43 | Build | Barracks |
| 31:44 | Build | Barracks |
Build order — Hallow
First 150 of 407 actions detected
| 0:00 | Create | Villager (Male) |
| 0:01 | Create | Villager (Male) |
| 0:02 | Build | House |
| 0:03 | Build | House |
| 0:10 | Create | Villager (Male) |
| 0:11 | Create | Villager (Male) |
| 1:12 | Research | Loom |
| 1:12 | Create | Villager (Male) |
| 1:13 | Create | Villager (Male) |
| 1:22 | Create | Villager (Male) |
| 1:55 | Build | Palisade Wall |
| 2:01 | Build | Palisade Wall |
| 2:02 | Create | Villager (Male) |
| 2:02 | Create | Villager (Male) |
| 2:24 | Create | Villager (Male) |
| 2:44 | Build | Lumber Camp |
| 2:56 | Create | Villager (Male) |
| 3:21 | Create | Villager (Male) |
| 3:54 | Create | Villager (Male) |
| 3:54 | Create | Villager (Male) |
| 4:32 | Create | Villager (Male) |
| 4:32 | Create | Villager (Male) |
| 4:32 | Create | Villager (Male) |
| 5:04 | Build | House |
| 5:33 | Build | Palisade Wall |
| 5:33 | Create | Villager (Male) |
| 5:43 | Create | Villager (Male) |
| 5:50 | Build | Lumber Camp |
| 6:27 | Build | Mill |
| 6:46 | Build | Palisade Wall |
| 6:48 | Build | Palisade Wall |
| 6:49 | Create | Villager (Male) |
| 6:57 | Create | Villager (Male) |
| 6:57 | Create | Villager (Male) |
| 7:16 | Build | Palisade Wall |
| 7:33 | Build | Farm |
| 7:34 | Build | Farm |
| 7:56 | Create | Villager (Male) |
| 8:06 | Create | Villager (Male) |
| 8:09 | Build | House |
| 8:54 | Create | Villager (Male) |
| 8:55 | Create | Villager (Male) |
| 9:01 | Build | Farm |
| 9:03 | Build | Farm |
| 9:09 | Create | Villager (Male) |
| 9:20 | Build | Dock |
| 9:21 | Create | Villager (Male) |
| 9:24 | Build | Farm |
| 9:45 | Build | House |
| 10:09 | Research | Feudal Age |
| 10:10 | Research | Feudal Age |
| 11:22 | Create | Fishing Ship |
| 11:34 | Create | Villager (Male) |
| 11:40 | Build | House |
| 12:09 | Create | Villager (Male) |
| 12:20 | Age | Feudal Age |
| 12:24 | Build | Market |
| 12:26 | Build | Blacksmith |
| 12:40 | Build | Stone Wall |
| 12:53 | Build | Stone Wall |
| 12:58 | Build | Farm |
| 13:01 | Create | Fishing Ship |
| 13:01 | Create | Fishing Ship |
| 13:02 | Create | Villager (Male) |
| 13:16 | Build | Farm |
| 13:43 | Build | Watch Tower |
| 13:47 | Build | Mining Camp |
| 13:50 | Create | Villager (Male) |
| 14:00 | Create | Villager (Male) |
| 14:24 | Build | Farm |
| 14:31 | Create | Villager (Male) |
| 15:08 | Create | Villager (Male) |
| 15:13 | Build | House |
| 15:29 | Create | Villager (Male) |
| 15:57 | Research | Castle Age |
| 15:57 | Research | Castle Age |
| 16:02 | Build | Mining Camp |
| 16:19 | Build | Farm |
| 16:22 | Build | Farm |
| 16:24 | Build | Farm |
| 16:28 | Research | Double-Bit Axe |
| 16:28 | Research | Double-Bit Axe |
| 16:30 | Research | Horse Collar |
| 16:30 | Research | Horse Collar |
| 17:20 | Build | Farm |
| 18:12 | Create | Villager (Male) |
| 18:17 | Build | Farm |
| 18:21 | Research | Wheelbarrow |
| 18:26 | Create | Fishing Ship |
| 18:26 | Create | Fishing Ship |
| 18:27 | Create | Trade Cog |
| 18:38 | Age | Castle Age |
| 18:44 | Build | Town Center |
| 18:49 | Research | Bow Saw |
| 18:49 | Research | Bow Saw |
| 19:00 | Build | Siege Workshop |
| 19:15 | Create | Fishing Ship |
| 19:49 | Create | Mangonel |
| 19:50 | Create | Mangonel |
| 19:51 | Create | Villager (Male) |
| 19:55 | Create | Villager (Male) |
| 20:00 | Build | House |
| 20:21 | Create | Villager (Male) |
| 20:22 | Create | Villager (Male) |
| 20:38 | Build | Farm |
| 20:39 | Create | Villager (Male) |
| 20:39 | Create | Villager (Male) |
| 20:54 | Create | Fishing Ship |
| 20:56 | Research | Tech 906 |
| 20:56 | Research | Tech 906 |
| 21:03 | Build | Fish Trap |
| 21:09 | Create | Villager (Male) |
| 21:09 | Create | Villager (Male) |
| 21:11 | Create | Villager (Male) |
| 21:11 | Create | Villager (Male) |
| 21:20 | Build | Farm |
| 21:26 | Research | Heavy Plow |
| 21:26 | Research | Heavy Plow |
| 21:28 | Create | Villager (Male) |
| 21:28 | Create | Villager (Male) |
| 21:33 | Build | House |
| 21:34 | Build | House |
| 22:05 | Research | Hand Cart |
| 22:11 | Create | Fishing Ship |
| 22:27 | Build | Fish Trap |
| 22:35 | Build | Fish Trap |
| 22:38 | Create | Fishing Ship |
| 22:38 | Create | Villager (Male) |
| 22:38 | Create | Villager (Male) |
| 22:51 | Build | Fish Trap |
| 22:59 | Build | Farm |
| 23:01 | Create | Villager (Male) |
| 23:01 | Create | Villager (Male) |
| 23:07 | Build | Fish Trap |
| 23:13 | Build | Fish Trap |
| 23:27 | Research | Gillnets |
| 23:27 | Create | Villager (Male) |
| 23:31 | Build | Farm |
| 23:35 | Create | Villager (Male) |
| 23:35 | Create | Villager (Male) |
| 23:39 | Build | Fish Trap |
| 23:46 | Create | Villager (Male) |
| 23:47 | Create | Villager (Male) |
| 23:56 | Create | Villager (Male) |
| 24:03 | Create | Fishing Ship |
| 24:10 | Build | Dock |
| 24:15 | Create | Villager (Male) |
| 24:15 | Create | Villager (Male) |
| 24:18 | Build | House |
| 24:22 | Build | House |
Build order — Pedrogm91
First 150 of 262 actions detected
| 0:04 | Build | House |
| 0:05 | Build | House |
| 0:07 | Create | Villager (Male) ×4 |
| 1:40 | Create | Villager (Male) |
| 1:40 | Create | Villager (Male) |
| 2:09 | Create | Villager (Male) |
| 2:36 | Create | Villager (Male) |
| 2:42 | Research | Loom |
| 3:13 | Build | House |
| 3:24 | Create | Villager (Male) |
| 3:32 | Build | Barracks |
| 4:22 | Create | Villager (Male) |
| 4:28 | Build | House |
| 4:29 | Create | Militia |
| 4:55 | Create | Militia |
| 4:56 | Create | Militia |
| 5:15 | Create | Villager (Male) |
| 5:16 | Create | Villager (Male) |
| 5:19 | Build | House |
| 5:29 | Create | Villager (Male) |
| 6:11 | Build | House |
| 7:04 | Create | Villager (Male) ×5 |
| 8:05 | Build | Mining Camp |
| 9:07 | Research | Feudal Age |
| 9:35 | Build | Mill |
| 10:17 | Build | Lumber Camp |
| 10:24 | Create | Militia ×2 |
| 11:02 | Create | Villager (Male) |
| 11:05 | Create | Villager (Male) |
| 11:19 | Age | Feudal Age |
| 11:29 | Research | Arson |
| 11:55 | Create | Villager (Male) |
| 12:04 | Build | Dock |
| 12:27 | Create | Villager (Male) |
| 13:05 | Build | Stone Wall |
| 13:08 | Build | Stone Wall |
| 13:14 | Create | Villager (Male) |
| 13:18 | Create | Fishing Ship |
| 13:51 | Create | Villager (Male) |
| 13:57 | Create | Fishing Ship |
| 14:17 | Create | Villager (Male) |
| 14:21 | Create | Fishing Ship |
| 14:29 | Build | Farm |
| 14:31 | Create | Villager (Male) |
| 14:42 | Build | House |
| 14:46 | Build | Farm |
| 15:09 | Create | Villager (Male) |
| 15:11 | Build | Farm |
| 15:32 | Build | House |
| 15:33 | Create | Villager (Male) |
| 15:37 | Build | Farm |
| 15:39 | Create | Fishing Ship |
| 15:46 | Build | Market |
| 15:51 | Research | Double-Bit Axe |
| 16:07 | Build | House |
| 16:15 | Build | Farm |
| 16:16 | Create | Villager (Male) |
| 16:21 | Create | Fishing Ship |
| 16:31 | Create | Villager (Male) |
| 16:43 | Create | Villager (Male) |
| 16:45 | Build | Farm |
| 16:54 | Create | Fishing Ship |
| 17:11 | Create | Villager (Male) |
| 17:13 | Build | Farm |
| 17:18 | Build | Mill |
| 17:51 | Create | Villager (Male) |
| 17:54 | Build | Farm |
| 17:56 | Research | Horse Collar |
| 17:59 | Create | Fishing Ship |
| 18:14 | Create | Villager (Male) |
| 18:17 | Build | Farm |
| 18:44 | Create | Villager (Male) |
| 18:46 | Build | Farm |
| 18:49 | Create | Fishing Ship |
| 18:52 | Build | Fish Trap |
| 18:55 | Build | Fish Trap |
| 19:01 | Create | Villager (Male) |
| 19:03 | Build | Farm |
| 19:14 | Build | House |
| 19:17 | Build | Blacksmith |
| 19:19 | Create | Villager (Male) |
| 19:21 | Build | Farm |
| 19:44 | Build | Stone Wall |
| 19:48 | Create | Villager (Male) |
| 19:50 | Build | Farm |
| 19:54 | Build | Fish Trap |
| 19:56 | Create | Fishing Ship |
| 20:01 | Create | Villager (Male) |
| 20:14 | Build | Farm |
| 20:35 | Build | Farm |
| 20:38 | Create | Villager (Male) |
| 20:42 | Build | Fish Trap |
| 20:58 | Create | Villager (Male) |
| 21:01 | Build | Farm |
| 21:14 | Build | Mining Camp |
| 21:21 | Build | Farm |
| 21:43 | Build | Fish Trap |
| 21:50 | Build | Farm |
| 21:52 | Research | Castle Age |
| 22:07 | Build | Fish Trap |
| 22:16 | Build | House |
| 22:37 | Build | Stone Wall |
| 22:43 | Build | Fish Trap |
| 22:46 | Build | Fish Trap |
| 23:20 | Build | Fish Trap |
| 23:29 | Research | Gold Mining |
| 23:43 | Build | Lumber Camp |
| 24:32 | Age | Castle Age |
| 24:42 | Build | Monastery |
| 24:53 | Build | University |
| 24:58 | Create | Villager (Male) |
| 25:03 | Create | Villager (Male) |
| 25:26 | Research | Imperial Age |
| 25:31 | Create | Monk |
| 25:44 | Research | Fortified Wall (upgrade) |
| 25:54 | Research | Heavy Plow |
| 26:10 | Research | Bow Saw |
| 26:34 | Create | Monk |
| 26:51 | Build | Siege Workshop |
| 28:05 | Build | Town Center |
| 28:36 | Age | Imperial Age |
| 28:40 | Build | Gate |
| 28:44 | Research | Chemistry |
| 28:57 | Research | Wheelbarrow |
| 28:57 | Create | Villager (Male) ×5 |
| 28:58 | Create | Villager (Male) ×5 |
| 28:58 | Create | Villager (Male) ×5 |
| 29:06 | Research | Two-Man Saw |
| 29:30 | Build | House |
| 29:31 | Build | House |
| 29:32 | Build | House |
| 29:32 | Build | House |
| 29:32 | Build | House |
| 29:33 | Build | House |
| 29:35 | Build | House |
| 29:58 | Research | Gold Shaft Mining |
| 30:13 | Research | Redemption |
| 30:18 | Build | House |
| 30:19 | Build | House |
| 30:19 | Build | House |
| 30:19 | Build | House |
| 30:20 | Build | House |
| 30:24 | Create | Bombard Cannon |
| 30:45 | Research | Crop Rotation |
| 30:56 | Research | Treadmill Crane |
| 31:10 | Create | Bombard Cannon |
| 31:31 | Build | Barracks |
| 31:32 | Build | Barracks |
| 31:34 | Build | Barracks |
| 31:38 | Build | Barracks |
Match timeline
| 1:55 | Hallow · wall_segment Palisade Wall x7 |
| 2:01 | Hallow · wall_segment Palisade Wall x9 |
| 2:14 | Yampi · wall_segment Palisade Wall x12 |
| 2:40 | Tantal · wall_segment Palisade Wall x5 |
| 3:20 | Yampi · wall_segment Palisade Wall x8 |
| 3:32 | Pedrogm91 · first_building Barracks |
| 5:33 | Hallow · wall_segment Palisade Wall x1 |
| 5:40 | Signal&Command to me=mute&report · first_building Dock |
| 5:49 | Tantal · wall_segment Palisade Wall x1 |
| 6:06 | Tantal · wall_segment Palisade Wall x1 |
| 6:46 | Hallow · wall_segment Palisade Wall x1 |
| 6:48 | Hallow · wall_segment Palisade Wall x1 |
| 7:09 | Tantal · wall_segment Palisade Wall x1 |
| 7:16 | Hallow · wall_segment Palisade Wall x6 |
| 7:45 | Tantal · wall_segment Palisade Wall x5 |
| 7:47 | Tantal · wall_segment Palisade Wall x4 |
| 8:24 | Maninthemiddle · first_building Barracks |
| 8:30 | mydogqmi · first_building Dock |
| 9:08 | Gostoso · first_building Dock |
| 9:20 | Hallow · first_building Dock |
| 10:07 | Maninthemiddle · age_up feudal |
| 10:23 | Maninthemiddle · first_building Archery Range |
| 11:17 | Yampi · age_up feudal |
| 11:18 | Yampi · first_building Barracks |
| 11:19 | Pedrogm91 · age_up feudal |
| 11:31 | Yampi · wall_segment Stone Wall x8 |
| 11:37 | Yampi · wall_segment Stone Wall x6 |
| 11:39 | mydogqmi · age_up feudal |
| 11:40 | Yampi · wall_segment Stone Wall x6 |
| 11:47 | Tantal · wall_segment Palisade Wall x1 |
| 11:57 | Gostoso · age_up feudal |
| 12:04 | Pedrogm91 · first_building Dock |
| 12:20 | Hallow · age_up feudal |
| 12:24 | Tantal · age_up feudal |
| 12:40 | Hallow · wall_segment Stone Wall x7 |
| 12:53 | Hallow · wall_segment Stone Wall x7 |
| 12:55 | Yampi · first_building Archery Range |
| 12:55 | Tantal · wall_segment Palisade Wall x1 |
| 12:56 | Tantal · wall_segment Palisade Wall x1 |
| 13:04 | Signal&Command to me=mute&report · age_up feudal |
| 13:04 | Yampi · wall_segment Stone Wall x9 |
| 13:05 | Pedrogm91 · wall_segment Stone Wall x3 |
| 13:08 | Pedrogm91 · wall_segment Stone Wall x6 |
| 14:14 | Gostoso · first_building Barracks |
| 14:29 | Hallow · first_market_sell 100 wood |
| 14:34 | Maninthemiddle · first_market_sell 500 wood |
| 14:42 | Maninthemiddle · first_market_buy 100 food |
| 15:15 | Signal&Command to me=mute&report · first_market_buy 100 food |
| 15:16 | Yampi · wall_segment Palisade Wall x1 |
| 15:16 | Yampi · wall_segment Palisade Wall x1 |
| 15:20 | Gostoso · first_building Archery Range |
| 15:24 | Yampi · wall_segment Palisade Wall x1 |
| 15:34 | mydogqmi · wall_segment Stone Wall x7 |
| 16:27 | Tantal · wall_segment Stone Wall x8 |
| 16:29 | Yampi · wall_segment Stone Wall x4 |
| 16:35 | Signal&Command to me=mute&report · age_up castle |
| 16:37 | mydogqmi · age_up castle |
| 16:40 | Signal&Command to me=mute&report · first_building Monastery |
| 16:44 | mydogqmi · first_building Barracks |
| 17:18 | Gostoso · age_up castle |
| 17:27 | Signal&Command to me=mute&report · first_market_sell 100 wood |
| 17:33 | mydogqmi · first_building Monastery |
| 18:38 | Hallow · age_up castle |
| 19:00 | Hallow · first_building Siege Workshop |
| 19:01 | mydogqmi · wall_segment Stone Wall x1 |
| 19:10 | Gostoso · first_market_sell 100 food |
| 19:32 | Maninthemiddle · age_up castle |
| 19:44 | Pedrogm91 · wall_segment Stone Wall x6 |
| 19:54 | mydogqmi · first_building Stable |
| 20:51 | Tantal · age_up castle |
| 22:10 | Signal&Command to me=mute&report · age_up imperial |
| 22:37 | Pedrogm91 · wall_segment Stone Wall x7 |
| 23:14 | mydogqmi · first_market_buy 100 stone |
| 23:24 | Yampi · wall_segment Stone Wall x8 |
| 23:24 | Tantal · first_market_buy 100 food |
| 24:16 | Pedrogm91 · first_market_sell 100 food |
| 24:20 | mydogqmi · wall_segment Stone Wall x3 |
| 24:28 | Pedrogm91 · first_market_buy 100 wood |
| 24:32 | Pedrogm91 · age_up castle |
| 24:42 | Pedrogm91 · first_building Monastery |
| 25:03 | Yampi · age_up castle |
| 25:58 | Yampi · first_building Stable |
| 26:51 | Pedrogm91 · first_building Siege Workshop |
| 28:19 | Signal&Command to me=mute&report · wall_segment Stone Wall x9 |
| 28:25 | Signal&Command to me=mute&report · first_building Siege Workshop |
| 28:36 | Pedrogm91 · age_up imperial |
| 28:49 | mydogqmi · first_market_sell 100 wood |
| 28:53 | Gostoso · wall_segment Palisade Wall x10 |
| 28:57 | Gostoso · wall_segment Palisade Wall x7 |
| 28:58 | Hallow · first_building Castle |
| 29:06 | Signal&Command to me=mute&report · first_building Castle |
| 29:09 | Gostoso · wall_segment Palisade Wall x1 |
| 29:14 | Gostoso · wall_segment Palisade Wall x4 |
| 29:41 | Tantal · first_building Barracks |
| 29:42 | Hallow · first_building Barracks |
| 29:46 | Hallow · first_building Monastery |
| 29:48 | Pedrogm91 · tribute_sent a jugador 1 |
| 29:48 | Pedrogm91 · tribute_sent a jugador 2 |
| 29:48 | Pedrogm91 · tribute_sent a jugador 3 |
| 29:48 | Pedrogm91 · tribute_sent a jugador 4 |
| 29:48 | Pedrogm91 · tribute_sent a jugador 5 |
| 29:48 | Pedrogm91 · tribute_sent a jugador 6 |
| 29:48 | Pedrogm91 · tribute_sent a jugador 7 |
| 30:04 | mydogqmi · first_building Castle |
| 30:16 | Tantal · wall_segment Stone Wall x8 |
| 30:40 | Yampi · first_building Siege Workshop |
| 30:55 | Yampi · resign |
| 31:20 | Hallow · age_up imperial |
| 31:23 | mydogqmi · age_up imperial |
| 33:35 | mydogqmi · first_building Siege Workshop |
| 34:22 | Signal&Command to me=mute&report · wall_segment Stone Wall x4 |
| 35:46 | Pedrogm91 · first_building Archery Range |
| 36:42 | Maninthemiddle · first_building Monastery |
| 38:17 | Tantal · first_building Monastery |
| 40:38 | Maninthemiddle · age_up imperial |
| 41:08 | Pedrogm91 · first_building Stable |
| 41:43 | Tantal · first_building Castle |
[ AI ANALYSIS · 1 CREDIT ]
What really happened in this match?
Wolo.gg analyzes every decision: build order, eco, micro, common mistakes by bracket. Personalized analysis on WhatsApp or Discord in 30 seconds.
Civ guide
Portuguese
Perfil
Jugador #23920174